 Dungeon Crawl Stone Soup version 0.16-a0-3962-g290d66c (webtiles) character file.

84 Charly the Chiller (level 4, 0/31 HPs)
             Began as a Merfolk Ice Elementalist on Feb 10, 2015.
             Succumbed to an adder's poison
             ... on level 2 of the Dungeon.
             The game lasted 00:12:28 (1046 turns).

Charly the Chiller (Merfolk Ice Elementalist)       Turns: 1046, Time: 00:12:28

Health: 0/31       AC:  2    Str:  8    XL:     4   Next: 45%
Magic:  4/7        EV: 14    Int: 20    God:
Gold:   120        SH:  0    Dex: 14    Spells: 2 memorised, 3 levels left

rFire  + . .     SeeInvis .     a - +2 short sword (venom)
rCold  + . .     Clarity  .     f - +0 robe
rNeg   . . .     SustAb   .     (no shield)
rPois  +         Gourm    .     (no helmet)
rElec  +         Spirit   .     (no cloak)
rCorr  +         Warding  .     (no gloves)
rMut   .         Stasis   .     (no boots)
MR     .....                    (no amulet)
Stlth  ++........               (no ring)
                                (no ring)

@: brilliant, lethally poisoned (0 -> -9), resistant, not resistant to hostile
enchantments, unstealthy
A: change form in water, swift swim
a: no special abilities


You were on level 2 of the Dungeon.
You were not hungry.

You visited 1 branch of the dungeon, and saw 3 of its levels.

You collected 120 gold pieces.

Inventory:

Hand weapons
 a - a +2 short sword of venom (weapon)
 b - a +0 blowgun
Missiles
 m - 16 poisoned needles
Armour
 f - a +0 robe (worn)
Scrolls
 d - a scroll of amnesia {unknown}
 g - a scroll of teleportation {unknown}
 h - a scroll of fear {unknown}
 j - a scroll of remove curse {unknown}
 n - a scroll of random uselessness {unknown}
Potions
 e - a potion of might
Books
 i - a book of Frost

   Spells                             Type                      Level
   a - Freeze                         Ice                          1
   b - Throw Frost                    Conjuration/Ice              2
   c - Ozocubu's Armour               Charms/Ice                   3
   d - Throw Icicle                   Conjuration/Ice              4
   e - Summon Ice Beast               Ice/Summoning                4
   f - Condensation Shield            Ice                          4
Comestibles
 c - 2 bread rations


   Skills:
 + Level 0.7 Fighting
 - Level 4.0 Dodging
 - Level 2.1 Stealth
 - Level 2.0 Spellcasting
   Level 0.7 Conjurations
 + Level 1.6 Charms
 + Level 4.4 Ice Magic


You had 3 spell levels left.
You knew the following spells:

 Your Spells              Type           Power        Failure   Level  Hunger
a - Ozocubu's Armour      Chrm/Ice       ####....     1%          3    ###....
f - Freeze                Ice            ####         1%          1    #......


Dungeon Overview and Level Annotations

Branches:
Dungeon (3/15)

Altars:

Annotations:
D:2 Sigmund
D:3 WhatIsLove's ghost, average DsGl


Message History

The adder is almost dead.
* * * LOW HITPOINT WARNING * * *
You feel sick.
Casting: Freeze
Confirm with . or Enter, or press ? or * to list all spells.
Aiming: Freeze
Press: ? - help, Shift-Dir - straight line, f/p - adder
Aim: an adder (almost dead, slow)
You freeze the adder.
You kill the adder!
* * * LOW HITPOINT WARNING * * *
You feel sick.
Drink which item? (? for menu, Esc to quit)
It was a potion of brilliance.
You feel clever all of a sudden.
* * * LOW HITPOINT WARNING * * *
You feel sick.
Drink which item? (? for menu, Esc to quit)
You feel protected.
You die...

####### #......
######## #......
#....†.#########......
#....@.........'......
#......####.####.^....
#......# ...# #.....#
#......##.### #.....#
#......##. #####.....#
#......## #.........#
#####.## #.........#
#.# #.........# #.#
+..........


There were no monsters in sight!

Vanquished Creatures
  4 adders
  A giant mite (D:2)
  2 giant geckos
  3 orcs
  A ball python (D:3)
  2 bats
  2 giant cockroaches (D:1)
  4 goblins
  5 hobgoblins
  A jackal (D:2)
  2 giant newts
  6 kobolds
  2 rats
35 creatures vanquished.

Notes
Turn   | Place    | Note
--------------------------------------------------------------
     0 | D:1      | Charly, the Merfolk Ice Elementalist, began the quest for the Orb.
     0 | D:1      | Reached XP level 1. HP: 13/13 MP: 3/3
   151 | D:1      | Reached XP level 2. HP: 4/19 MP: 1/4
   417 | D:2      | Reached skill level 4 in Ice Magic
   417 | D:2      | Reached XP level 3. HP: 15/24 MP: 3/6
   441 | D:2      | Learned a level 3 spell: Ozocubu's Armour
   671 | D:2      | Noticed Sigmund
   853 | D:3      | Reached skill level 1 in Charms
   853 | D:3      | Reached XP level 4. HP: 20/30 MP: 3/7
   855 | D:3      | Noticed WhatIsLove's ghost (average DsGl)
  1045 | D:2      | HP: 1/31 [poisoned by an adder]
  1046 | D:2      | Succumbed to an adder's poison

Action                   |  1- 3 |  4- 6 || total
-------------------------+-------+-------++-------
Melee: Unarmed           |    22 |     3 ||    25
       Short sword       |       |     6 ||     6
 Cast: Freeze            |    46 |    11 ||    57
       Ozocubu's Armour  |       |     1 ||     1
  Use: Scroll            |     3 |     1 ||     4
       Potion            |     1 |     3 ||     4
 Stab: Sleeping          |       |     1 ||     1
  Eat: Beef jerky        |     2 |       ||     2
       Pizza             |     1 |       ||     1
